 Dungeon Crawl Stone Soup version 0.21.1-1-g345015fe64 (webtiles) character file.

21030 Htamos the Eclecticist (level 12, -9/75 HPs)
             Began as a Deep Elf Conjurer on July 12, 2018.
             Was a High Priest of Sif Muna.
             Mangled by an ettin
             ... wielding a +0 dire flail
              (24 damage)
             ... on level 13 of the Dungeon.
             The game lasted 00:58:52 (21008 turns).

Htamos the Eclecticist (Deep Elf Conjurer)         Turns: 21008, Time: 00:58:53

Health: -9/75      AC:  8    Str:  5    XL:     12   Next: 50%
Magic:  32/36      EV: 13    Int: 26    God:    Sif Muna [*****.]
Gold:   768        SH:  0    Dex: 15    Spells: 17/47 levels left

rFire    + . .     SeeInvis .   G - +0 hunting sling (velocity)
rCold    . . .     Gourm    .   (no shield)
rNeg     . . .     Faith    .   J - +2 leather armour {rF+}
rPois    .         Spirit   .   (no helmet)
rElec    .         Reflect  .   (no cloak)
rCorr    .         Harm     .   (no gloves)
MR       +....                  (no boots)
Stlth    ++........             (no amulet)
HPRegen  0.22/turn              H - +3 ring of protection
MPRegen  0.25/turn              Q - +1 ring of evasion

@: about to teleport, slowed, very slow
A: no striking features
a: Divine Energy, Channel Magic, Forget Spell, Renounce Religion


You were on level 13 of the Dungeon.
You worshipped Sif Muna.
Sif Muna was extremely pleased with you.
You were hungry.

You visited 3 branches of the dungeon, and saw 15 of its levels.

You collected 985 gold pieces.
You spent 217 gold pieces at shops.

Inventory:

Hand Weapons
 f - a +6 dagger of speed
 G - a +0 hunting sling of velocity (weapon)
 R - a +0 blowgun
 S - a +0 dagger
Missiles
 d - 81 poisoned needles
 g - 293 arrows
 r - 296 stones (quivered)
 w - 161 bolts
 M - 2 throwing nets
Armour
 a - a +1 robe
 i - a +0 buckler
 D - a +2 chain mail of fire resistance
 F - a +0 robe
 J - a +2 leather armour of fire resistance (worn)
 P - a +1 chain mail of poison resistance
 Y - a +4 ring mail
Magical Staves
 z - an uncursed staff of summoning {unknown}
Jewellery
 p - an uncursed ring of positive energy
 y - an uncursed ring of flight
 H - a +3 ring of protection (left hand)
 Q - a +1 ring of evasion (right hand)
 U - an uncursed ring of protection from magic {unknown}
 X - a +2 ring of dexterity {unknown}
Wands
 h - a wand of enslavement (12)
 m - a wand of random effects (32)
 n - a wand of digging (43)
 s - a wand of paralysis (11)
 u - a wand of flame (66)
 T - a wand of polymorph (31)
Scrolls
 k - a scroll of teleportation
 l - 4 scrolls of amnesia
 B - 2 scrolls of enchant armour
 I - 3 scrolls of remove curse
 W - a scroll of identify
Potions
 e - 3 potions of mutation
 j - 3 potions of agility
 o - a potion of ambrosia {unknown}
 q - 3 potions of cancellation
 t - a potion of brilliance {unknown}
 v - 2 potions of berserk rage
 x - 2 potions of lignification
 C - a potion of heal wounds {unknown}
 E - 2 potions of degeneration {unknown}
 L - a potion of flight {unknown}
Books
 b - a book of Conjurations

   Spells                             Type                      Level
   a - Magic Dart                     Conjuration                  1
   b - Searing Ray                    Conjuration                  2
   c - Dazzling Spray                 Conjuration/Hexes            3
   d - Fulminant Prism                Conjuration/Hexes            4
   e - Force Lance                    Conjuration/Translocation    4
   f - Iskenderun's Mystic Blast      Conjuration                  4
 K - Fifuxkia's Reference Book on Battle Magic and Weightlessness
   (Sif Muna gifted it to you on level 12 of the Dungeon)

   Spells                             Type                      Level
   a - Mephitic Cloud                 Conjuration/Poison/Air       3
   b - Bolt of Draining               Conjuration/Necromancy       5
   c - Fireball                       Conjuration/Fire             5
   d - Bolt of Fire                   Conjuration/Fire             6
   e - Chain Lightning                Conjuration/Air              8
 N - a book of Power

   Spells                             Type                      Level
   a - Iskenderun's Battlesphere      Conjuration/Charms           5
   b - Venom Bolt                     Conjuration/Poison           5
   c - Bolt of Magma                  Conjuration/Fire/Earth       5
   d - Iron Shot                      Conjuration/Earth            6
   e - Orb of Destruction             Conjuration                  7
   f - Spellforged Servitor           Conjuration/Summoning        7
 O - a book of Debilitation

   Spells                             Type                      Level
   a - Corona                         Hexes                        1
   b - Slow                           Hexes                        2
   c - Inner Flame                    Hexes/Fire                   3
   d - Portal Projectile              Hexes/Translocation          3
   e - Cause Fear                     Hexes                        4
   f - Leda's Liquefaction            Hexes/Earth                  4
Miscellaneous
 V - a box of beasts
Comestibles
 c - 26 rations


   Skills:
 + Level 8.7 Fighting
 - Level 2.4 Dodging
 - Level 2.4 Stealth
 - Level 18.4 Spellcasting
 + Level 11.9 Conjurations


You had 17 spell levels left.
You knew the following spells:

 Your Spells              Type           Power        Failure   Level  Hunger
a - Magic Dart            Conj           ####         1%          1    None
b - Iskenderun's Mystic   Conj           ######..     1%          4    None
c - Fireball              Conj/Fire      ######....   8%          5    None
d - Orb of Destruction    Conj           ######....   21%         7    #####..
e - Spellforged Servitor  Conj/Summ      ######....   93%         7    #####..
f - Iron Shot             Conj/Erth      ######....   38%         6    ###....


Dungeon Overview and Level Annotations

Branches:
Dungeon (13/15)            Temple (1/1) D:4            Lair (0/6) D:9
    Orc (1/2) D:9
 Vaults: D:13-14

Altars:
Ashenzari
Cheibriados
Dithmenos
Elyvilon
Fedhas
Gozag
Hepliaklqana
Kikubaaqudgha
Makhleb
Nemelex Xobeh
Okawaru
Qazlal
Ru
Sif Muna
Trog
Uskayaw
Vehumet
Wu Jian
Xom
Yredelemnul
Zin
The Shining One

Shops:
D:6 [   Orc:1 =

Annotations:
D:10 Gastronok


Message History

The magic dart hits the freezing wraith.
Casting: Magic Dart
Confirm with . or Enter, or press ? or * to list all spells.
Aiming: Iskenderun's Mystic Blast
Press: ? - help, Shift-Dir - straight line, f/p - freezing wraith
Aim: a freezing wraith The orb of energy hits the freezing wraith.
The freezing wraith is heavily damaged.
The orb of energy explodes!
The freezing wraith hits you. The freezing wraith freezes you!!
The freezing wraith hits you. The freezing wraith drains your vigour!
You feel yourself slow down.
As you read the scroll of teleportation, it crumbles to dust.
You feel strangely unstable. The freezing wraith hits you.
The freezing wraith freezes you!! The freezing wraith hits you!
* * * LOW HITPOINT WARNING * * *
The freezing wraith drains your vigour!
You feel as though you will be slow longer.
The freezing wraith closely misses you. The freezing wraith barely misses you.
The ettin hits you with a dire flail!!
You die...

...###.# #.# #..#
#.# ..## #(#
#.#######..###.#
..## #.#
##.#............#
...# #.#
##.....########..#
...# #.#
#..#...#......#..#
...###.#
#....#.#....C(#..#
....##.##
#.#.##.#.####.#..#
........#
#.#.##.#.# .#..#
....###.#
#.#..@W..# C#..#
.#### #.#
#.####C..# p#..#
.# #.# #.# #...#
.#..# .## #.# #.#
#.#.# .#..# ..#
#.# #.#
#.#.######..# ..#
##.## #.#
#...........# ..#
#...###.#
#.....#######
..####.#.....#
####.##
#.#.##...##### #.#


You could see an ettin and a freezing wraith.

Vanquished Creatures
  2 hydras (D:12)
  7 two-headed ogres
  The ghost of Htamos the Destroyer, a novice DECj of Vehumet (D:10)
  The ghost of Salt the Chopper, a novice DDFi of Makhleb (D:6)
  An unseen horror (D:12)
  A wolf spider zombie (D:12)
  2 ugly things (D:12)
  The ghost of Htamos the Thaumaturge, a novice DECj of Sif Muna (D:11)
  2 cyclopes
  A deep elf mage (D:13)
  A gargoyle (D:12)
  A kobold demonologist (D:11)
  A freezing wraith (D:11)
  3 trolls
  4 hippogriffs
  A spriggan (D:7)
  Sigmund (D:5)
  A wyvern (D:11)
  12 yaks
  2 humans (D:7)
  Grum (D:9)
  A basilisk (D:13)
  A hungry ghost (D:5)
  A water moccasin (D:13)
  4 orc warriors
  2 ice beasts
  A sky beast (D:6)
  2 black bears
  7 ogres
  5 phantoms
  3 wolves (D:9)
  3 centaurs
  A crocodile (D:13)
  2 big kobolds
  6 bullfrogs
  A wyvern skeleton (D:10)
  3 scorpions
  3 troll zombies (D:9)
  5 wights
  5 jellies
  13 killer bees
  An oklob sapling (D:4)
  4 howler monkeys
  2 crimson imps
  A bullfrog zombie (D:9)
  A quasit (D:9)
  A hound (D:9)
  A centaur zombie (D:10)
  6 orc priests
  A bullfrog skeleton (D:11)
  6 orc wizards
  4 centaur skeletons
  An iguana (D:5)
  10 worker ants
  Ijyb (D:4)
  5 ogre zombies (D:9)
  2 hound skeletons
  A worker ant zombie (D:10)
  10 adders
  7 gnolls
  5 shadow imps
  2 oozes (D:2)
  8 worms
  An adder skeleton (D:5)
  A dart slug (D:1)
  5 leopard geckos
  33 orcs
  2 ball pythons (D:3)
  10 bats
  5 giant cockroaches
  9 goblins
  4 hobgoblins
  14 jackals
  4 quokkas
  7 frilled lizards
  A giant cockroach zombie (D:5)
  A goblin skeleton (D:9)
  2 goblin zombies (D:9)
  3 hobgoblin skeletons (D:9)
  3 hobgoblin zombies (D:9)
  A jackal skeleton (D:9)
  3 jackal zombies
  19 kobolds
  A leopard gecko skeleton (D:4)
  2 orc skeletons (D:9)
  14 orc zombies (D:9)
  12 rats
  A plant (D:4)
354 creatures vanquished.

Notes
Turn   | Place    | Note
-------+----------+-------------------------------------------
     0 | D:1      | Htamos the Deep Elf Conjurer began the quest for the Orb.
     0 | D:1      | Reached XP level 1. HP: 10/10 MP: 6/6
    93 | D:1      | Reached skill level 4 in Spellcasting
    93 | D:1      | Reached XP level 2. HP: 15/15 MP: 0/9
   602 | D:2      | Reached skill level 5 in Spellcasting
   602 | D:2      | Reached XP level 3. HP: 19/19 MP: 3/11
  1438 | D:2      | Reached skill level 6 in Spellcasting
  1438 | D:2      | Reached XP level 4. HP: 24/24 MP: 9/14
  2077 | D:3      | Noticed a bullfrog
  2085 | D:3      | Killed a bullfrog
  2085 | D:3      | Reached skill level 7 in Spellcasting
  2085 | D:3      | Reached XP level 5. HP: 28/28 MP: 7/17
  2674 | D:3      | Reached skill level 8 in Spellcasting
  3016 | D:3      | Reached XP level 6. HP: 15/32 MP: 6/19
  3269 | D:3      | Found a glowing silver altar of Zin.
  3344 | D:4      | Noticed Ijyb
  3400 | D:3      | Learned a level 4 spell: Iskenderun's Mystic Blast
  3440 | D:3      | Reached skill level 9 in Spellcasting
  3864 | D:4      | Noticed an ice beast
  4027 | D:3      | Reached skill level 10 in Spellcasting
  4163 | D:4      | Killed Ijyb
  4163 | D:4      | Reached XP level 7. HP: 31/36 MP: 13/22
  4555 | D:4      | Found a staircase to the Ecumenical Temple.
  4970 | Temple   | Entered the Ecumenical Temple
  5202 | Temple   | Became a worshipper of Sif Muna the Loreminder
  5348 | D:4      | Reached skill level 11 in Spellcasting
  5551 | D:5      | Entered Level 5 of the Dungeon
  5651 | D:5      | Noticed Sigmund
  5656 | D:5      | Killed Sigmund
  5798 | D:5      | Noticed a hungry ghost
  5815 | D:5      | Killed a hungry ghost
  5815 | D:5      | Reached skill level 12 in Spellcasting
  5815 | D:5      | Reached XP level 8. HP: 30/41 MP: 0/26
  5816 | D:5      | Noticed a two-headed ogre
  6181 | D:5      | Killed a two-headed ogre
  6181 | D:5      | Reached * piety under Sif Muna
  6181 | D:5      | Reached skill level 14 in Spellcasting
  6418 | D:5      | Found a sparkling altar of Nemelex Xobeh.
  6587 | D:5      | Reached ** piety under Sif Muna
  6744 | D:5      | Reached XP level 9. HP: 45/45 MP: 0/29
  6985 | D:6      | Reached skill level 15 in Spellcasting
  7158 | D:6      | Found Deotu's Antique Armour Emporium.
  7163 | D:6      | Bought a steaming leather armour for 217 gold pieces
  7285 | D:6      | Noticed Salt's ghost (novice DDFi)
  7399 | D:6      | Found a radiant altar of Vehumet.
  7436 | D:6      | Killed Salt's ghost
  7436 | D:6      | Reached skill level 16 in Spellcasting
  7574 | D:6      | Found a bloodstained altar of Trog.
  7836 | D:7      | Identified the cursed +1 leather armour "Papucae" {rN+} (You bought it in a shop on level 6 of the Dungeon)
  8004 | D:7      | Reached *** piety under Sif Muna
  8198 | D:7      | Reached skill level 17 in Spellcasting
  8411 | D:7      | Found an iron altar of Okawaru.
  8508 | D:7      | Reached XP level 10. HP: 43/50 MP: 25/33
  8734 | D:7      | Found an ancient bone altar of Kikubaaqudgha.
  9396 | D:8      | Reached skill level 18 in Spellcasting
 10250 | D:9      | Noticed Grum
 10253 | D:9      | Reached **** piety under Sif Muna
 10258 | D:9      | Killed Grum
 11060 | D:9      | Reached skill level 1 in Fighting
 11305 | D:9      | Reached skill level 5 in Conjurations
 11631 | D:9      | Found a staircase to the Orcish Mines.
 12436 | Orc:1    | Entered Level 1 of the Orcish Mines
 12436 | Orc:1    | Found Ehet's Jewellery Boutique.
 13059 | D:9      | Found a staircase to the Lair.
 13205 | D:10     | Entered Level 10 of the Dungeon
 13653 | D:10     | Noticed Htamos's ghost (novice DECj)
 13655 | D:10     | Killed Htamos's ghost
 13655 | D:10     | Reached XP level 11. HP: 48/61 MP: 8/35
 13937 | D:10     | Noticed Gastronok
 14776 | D:10     | Reached skill level 5 in Fighting
 15283 | D:10     | Found a sparkling altar of Nemelex Xobeh.
 16799 | D:11     | Noticed Htamos's ghost (novice DECj)
 16802 | D:11     | Killed Htamos's ghost
 17751 | D:12     | Noticed a purple ugly thing
 17751 | D:12     | Noticed a two-headed ogre
 17770 | D:12     | Noticed a brown ugly thing
 17779 | D:12     | Killed a brown ugly thing
 17783 | D:12     | Noticed a two-headed ogre
 18332 | D:11     | Killed a two-headed ogre
 18712 | D:12     | Killed a purple ugly thing
 18712 | D:12     | Reached skill level 10 in Conjurations
 18814 | D:12     | Killed a two-headed ogre
 18814 | D:12     | Reached ***** piety under Sif Muna
 18814 | D:12     | Identified Fifuxkia's Reference Book on Battle Magic and Weightlessness (Sif Muna gifted it to you on level 12 of the Dungeon)
 18814 | D:12     | Received a gift from Sif Muna
 19048 | D:12     | Learned a level 5 spell: Fireball
 19056 | D:12     | Learned a level 7 spell: Orb of Destruction
 19064 | D:12     | Learned a level 7 spell: Spellforged Servitor
 19071 | D:12     | Learned a level 6 spell: Iron Shot
 19139 | D:12     | Reached XP level 12. HP: 66/72 MP: 14/36
 19461 | D:12     | Noticed an eight-headed hydra
 19464 | D:12     | Killed an eight-headed hydra
 19536 | D:12     | Noticed a five-headed hydra
 19542 | D:12     | Killed a five-headed hydra
 19653 | D:12     | Noticed a two-headed ogre
 19658 | D:12     | Killed a two-headed ogre
 20116 | D:13     | Noticed a two-headed ogre
 20351 | D:13     | Noticed a two-headed ogre
 20354 | D:13     | Killed a two-headed ogre
 20561 | D:13     | Killed a two-headed ogre
 20757 | D:13     | Noticed a two-headed ogre
 20762 | D:13     | Killed a two-headed ogre
 20997 | D:13     | Noticed an ettin
 20997 | D:13     | Noticed a vault guard
 21008 | D:13     | Mangled by an ettin

Skill      XL: |  1  2  3  4  5  6  7  8  9 10 11 12 |
---------------+-------------------------------------+-----
Spellcasting   | 4 5 6 7 8 10 12 14 17 18 | 18.4
Fighting       | 4 7 8 |  8.7
Conjurations   | 7 10 11 | 11.9
Dodging        | |  2.4
Stealth        | |  2.4

Action                   |  1- 3 |  4- 6 |  7- 9 | 10-12 || total
-------------------------+-------+-------+-------+-------++-------
Melee: Dagger            |     5 |    10 |    12 |    20 ||    47
 Cast: Magic Dart        |   102 |   138 |   111 |   285 ||   636
       Iskenderun's Myst |       |    16 |   107 |   325 ||   448
Evoke: Wand              |       |       |     2 |       ||     2
  Use: Potion            |       |     2 |     2 |     6 ||    10
       Scroll            |       |       |    20 |    15 ||    35
 Stab: Paralysed         |       |       |     5 |       ||     5
  Eat: Chunk             |     1 |     9 |    13 |    27 ||    50
       Ration            |       |       |     1 |     3 ||     4
Armor: Robe              |     1 |     4 |     7 |     1 ||    13
       Leather armour    |       |       |       |    39 ||    39
Dodge: Dodged            |     7 |    51 |    31 |   132 ||   221
